 Dungeon Crawl Stone Soup version 0.24-a0-536-gdd4cf15 (webtiles) character file.

Game seed: 9167125884284017345

7752 Dorkslayer the Cleaver (level 11, -5/100 HPs)
             Began as a Minotaur Abyssal Knight on Aug 11, 2019.
             Was a High Priest of Lugonu.
             Engulfed by a cloud of flame (13 damage)
             ... on level 9 of the Dungeon.
             The game lasted 00:45:12 (7907 turns).

Dorkslayer the Cleaver (Minotaur Abyssal Knight)    Turns: 7907, Time: 00:45:13

Health: -5/100     AC: 20    Str: 21 (23) XL:     11   Next: 0%
Magic:  1/13       EV: 16    Int:  1 (14) God:    Lugonu [*****.]
Gold:   703        SH:  0    Dex: 16 (19) Spells: 10/10 levels left

rFire    . . .     SeeInvis +   i - +1 hand axe (chop)
rCold    . . .     Gourm    .   (no shield)
rNeg     . . .     Faith    .   p - +7 plate armour {rPois}
rPois    +         Spirit   .   (helmet unavailable)
rElec    .         Reflect  .   (no cloak)
rCorr    .         Harm     .   (no gloves)
MR       +....                  (no boots)
Stlth    ..........             (no amulet)
HPRegen  0.26/turn              x - ring of see invisible
MPRegen  0.13/turn              y - ring of protection from magic

@: confused, mighty, brilliant, agile, lethally poisoned (-5 -> -7), berserk
cooldown, hasted and slowed, lost intelligence
A: retaliatory headbutt, horns 3, agile 1, MP-powered wands, sturdy frame 1
a: Depart the Abyss, Bend Space, Banish, Corrupt, Enter the Abyss, Renounce
Religion


You were on level 9 of the Dungeon.
You worshipped Lugonu.
Lugonu was extremely pleased with you.
You were not hungry.

You visited 1 branch of the dungeon, and saw 9 of its levels.
You visited the Abyss 1 time.
You also visited: Ossuary.

You collected 703 gold pieces.

Inventory:

Hand Weapons
 a - a +1 hand axe
 i - a +1 hand axe of chopping (weapon)
 w - a +0 war axe
Missiles
 v - 11 boomerangs (quivered)
Armour
 p - a +7 plate armour of poison resistance (worn)
Jewellery
 o - an uncursed ring of resist corrosion
 x - a ring of see invisible (left hand)
 y - a ring of protection from magic (right hand)
Wands
 C - a wand of polymorph (3)
 F - a wand of enslavement (9)
Scrolls
 b - 3 scrolls of fog
 d - 3 scrolls of teleportation
 j - a scroll of immolation {unknown}
 n - 2 scrolls of fear
 q - a scroll of acquirement {unknown}
 s - a scroll of enchant weapon {unknown}
 B - a scroll of blinking
 D - 2 scrolls of magic mapping
Potions
 e - a potion of agility
 g - a potion of haste
 u - 3 potions of flight
 z - a potion of mutation
 A - a potion of might
Comestibles
 c - 13 rations
 h - 10 chunks of flesh


   Skills:
 * Level 10.3 Fighting
 + Level 10.7 Axes
 * Level 5.2 Throwing
 + Level 8.4 Armour
 + Level 6.3 Dodging
 + Level 1.7 Stealth
 + Level 2.3 Invocations
 * Level 4.9 Evocations


You had 10 spell levels left.
You didn't know any spells.
Your spell library was empty.

Dungeon Overview and Level Annotations

Branches:
Dungeon (9/15)             Temple (0/1) D:4            Lair (0/6) D:8
    Orc (0/2) D:9

Altars:
Ashenzari
Cheibriados
Gozag
Hepliaklqana
Kikubaaqudgha
Makhleb
Okawaru
Qazlal
Trog
Uskayaw
Vehumet
The Shining One

Shops:
D:6 :   D:7 =

Annotations:
D:9 1 runed translucent door, exclusion: 3 orange crystal statues


Innate Abilities, Weirdness & Mutations

You reflexively headbutt those who attack you in melee.
You have a pair of large horns on your head.
You are agile. (Dex +2)
You expend magic power (3 MP) to strengthen your wands.
Your movements are slightly less encumbered by armour. (ER -2)


Message History

The scorpion's corpse dissolves into shadows!
You slash the adder!
You kill the adder!
The adder's corpse dissolves into shadows!
You feel sick. The worker ant closely misses you.
The orc hits you with a +0 whip.
* * * LOW HITPOINT WARNING * * *
The adder is engulfed in blazing flames.
You closely miss the wight. You hit the worker ant. You miss the kobold.
You miss the scorpion. You hit the orc but do no damage.
The worker ant barely misses you.
The crimson imp grins evilly.
The scorpion is engulfed in blazing flames.
You kill the scorpion!
The scorpion's corpse dissolves into shadows!
The orc barely misses you. The wight barely misses you.
Okay, then.
Unknown command.
You are engulfed in blazing flames.
You die...

#.# ########.....# ##.#..... #.#
#####.###..##........ ##.#
#......[....#.. .... #..#
#.#########.#.# ..## #.####
##.#8oooo.8#.#.##.... #.##.##
#..#.#○h.#.#...#..#
#.#...###..#...So☼K#......##..##
.........'.+...[Z.azz)..........
#.....####.#....@°z#z.....#.####
##.#.## #.#.#.5.#.#..##.## #.###
#.#8......#..#### #.#
#.#########..# #<#
#...........## #.# #####....####
#.# #..###### #.# ##.##.....
##.##### ##...#....


You could see 2 orange crystal statues, an orc warrior, a hound, a worker ant, 3
wights, 2 orc wizards, a crimson imp, an adder, 2 orcs, a centaur zombie and a
kobold.

Vanquished Creatures
  A two-headed ogre (D:8)
  An orange crystal statue (D:9)
  2 trolls (D:8)
  4 hippogriffs
  6 humans (D:8)
  3 yaks (D:9)
  3 hungry ghosts
  Menkaure (D:7)
  A water moccasin (D:7)
  4 orc warriors
  An ice beast (D:7)
  4 sky beasts
  A phantom (D:4)
  2 necrophages
  4 ogres
  2 wolves (D:8)
  A centaur (D:9)
  2 bullfrogs (D:7)
  2 scorpions
  An electric eel (D:8)
  4 howler monkeys
  4 crimson imps
  A quasit (D:8)
  A bullfrog skeleton (D:4)
  5 orc priests
  11 hounds
  6 orc wizards
  2 iguanas (D:5)
  7 worker ants
  A hound skeleton (D:7)
  A howler monkey zombie (D:5)
  8 mummies (Ossuary)
  2 worker ant zombies
  9 adders
  14 gnolls
  A howler monkey skeleton (D:6)
  3 shadow imps
  An adder skeleton (D:6)
  An adder zombie (D:7)
  3 worms
  6 leopard geckos
  24 orcs
  2 ball pythons (D:4)
  4 giant cockroaches
  4 gnoll zombies
  7 hobgoblins
  14 jackals
  2 quokkas
  5 bats
  5 frilled lizards
  8 goblins
  2 hobgoblin zombies (Ossuary)
  A jackal skeleton (D:4)
  5 kobolds
  A kobold zombie (Ossuary)
  2 orc zombies (Ossuary)
  A quokka skeleton (D:8)
  8 rats
  A rat zombie (D:7)
233 creatures vanquished.

Notes
Turn   | Place    | Note
-------+----------+-------------------------------------------
     0 | Abyss:1  | Dorkslayer the Minotaur Abyssal Knight began the quest for
                  | the Orb.
     0 | Abyss:1  | Reached XP level 1. HP: 19/19 MP: 1/1
     5 | Abyss:1  | Found a corrupted altar of Lugonu.
    29 | Abyss:1  | Noticed an orb spider
    30 | D:1      | Escaped the Abyss
   166 | D:1      | Reached * piety under Lugonu
   194 | D:1      | Reached XP level 2. HP: 23/27 MP: 2/2
  1071 | D:2      | Reached XP level 3. HP: 32/34 MP: 3/3
  1303 | D:2      | Found a burning altar of Makhleb.
  1304 | D:2      | Found a snail-covered altar of Cheibriados.
  1305 | D:2      | Found a glowing golden altar of the Shining One.
  1421 | D:2      | Reached XP level 4. HP: 40/41 MP: 4/4
  1719 | D:3      | Reached skill level 5 in Fighting
  1831 | D:3      | Found a shattered altar of Ashenzari.
  1925 | D:3      | Reached ** piety under Lugonu
  2164 | D:4      | Reached XP level 5. HP: 33/48 MP: 5/5
  2227 | D:4      | Reached XP level 6. HP: 35/56 MP: 6/6
  2525 | D:4      | Found a staircase to the Ecumenical Temple.
  2568 | D:4      | Reached skill level 5 in Axes
  2810 | D:4      | Reached skill level 1 in Stealth
  2810 | D:4      | Reached XP level 7. HP: 54/63 MP: 7/7
  3115 | D:4      | Gained mutation: You expend magic power (3 MP) to
                  | strengthen your wands. [potion of mutation]
  3115 | D:4      | Gained mutation: You have a pair of large horns on your
                  | head. [potion of mutation]
  3115 | D:4      | Gained mutation: You are agile. (Dex +2) [potion of
                  | mutation]
  3115 | D:4      | Gained mutation: Your movements are slightly less
                  | encumbered by armour. (ER -2) [potion of mutation]
  3214 | D:5      | Entered Level 5 of the Dungeon
  3266 | D:5      | Found an ancient bone altar of Kikubaaqudgha.
  3321 | D:5      | Found a bloodstained altar of Trog.
  3321 | D:5      | Found a stormy altar of Qazlal.
  3348 | D:5      | Found a hazy altar of Hepliaklqana.
  3561 | D:5      | Reached *** piety under Lugonu
  3976 | D:6      | Reached skill level 1 in Evocations
  3986 | D:6      | Found an iron altar of Okawaru.
  4133 | D:6      | Reached XP level 8. HP: 68/71 MP: 8/8
  4192 | D:6      | Reached skill level 5 in Armour
  4315 | D:6      | Found Vahanomm's Book Shoppe.
  4437 | D:7      | Found Nionn's Jewellery Boutique.
  4496 | D:7      | Reached skill level 1 in Throwing
  4501 | D:7      | Noticed a hippogriff
  4512 | D:7      | Killed a hippogriff
  4536 | D:7      | Noticed a hippogriff
  4543 | D:7      | Killed a hippogriff
  4553 | D:7      | Found a sand-covered staircase.
  4558 | Ossuary  | Entered an ossuary
  4576 | Ossuary  | Reached XP level 9. HP: 47/81 MP: 10/10
  4933 | D:7      | Reached **** piety under Lugonu
  4997 | D:7      | Noticed Menkaure
  5004 | D:7      | Killed Menkaure
  5004 | D:7      | Reached skill level 5 in Dodging
  5317 | D:7      | Found an opulent altar of Gozag.
  5564 | D:8      | Noticed a troll
  5565 | D:8      | Found a staircase to the Lair.
  5609 | D:8      | Killed a troll
  5894 | D:8      | Found a radiant altar of Vehumet.
  5930 | D:8      | Noticed a two-headed ogre
  5945 | D:8      | Killed a two-headed ogre
  5945 | D:8      | Reached XP level 10. HP: 41/91 MP: 10/12
  6203 | D:8      | Reached skill level 10 in Axes
  6828 | D:9      | Found a staircase to the Orcish Mines.
  7358 | D:9      | Found a hide-covered altar of Uskayaw.
  7413 | D:9      | Reached skill level 10 in Fighting
  7422 | D:9      | Reached ***** piety under Lugonu
  7422 | D:9      | Reached skill level 5 in Throwing
  7570 | D:9      | Noticed a +0 hand axe
  7570 | D:9      | Noticed a +0 dagger
  7716 | D:9      | Found the +10 large shield of Ignorance {rN+ Int-4}
  7720 | D:9      | Found a runed translucent door.
  7742 | D:9      | Found a runed translucent door.
  7754 | D:9      | Noticed an orange crystal statue
  7796 | D:9      | Noticed an orange crystal statue
  7796 | D:9      | Noticed an orange crystal statue
  7796 | D:9      | Noticed an orange crystal statue
  7833 | D:9      | Lost intelligence.
  7854 | D:9      | Killed an orange crystal statue
  7854 | D:9      | Reached XP level 11. HP: 69/100 MP: 0/13
  7888 | D:9      | Noticed a seven-headed hydra
  7907 | D:9      | Engulfed by a cloud of flame

Levels and vault maps discovered:
D:1:      lightli_iron_boxes, layout_basic, serial_rivers,
          chequers_serial_rivers_micro_c, chequers_serial_rivers_large_b,
          chequers_serial_rivers_micro_a, chequers_serial_rivers_room_b,
          chequers_serial_rivers_micro_a, minmay_pentomino_u2
D:2:      layout_loops_cross, grunt_temple_overflow_open
D:3:      layout_basic, nicolae_ashenzari_panopticon
D:4:      layout_basic, minmay_temple_entry_purple_smoke, first_ration,
          glass_columns_a
D:5:      layout_cave_pods, lemuel_crystal_altar,
          chequers_temple_overflow_statue_of_worship, basic_altar
D:6:      layout_basic, okawaru_ov_weapons_minmay, serial_shops, shop_fountains,
          minmay_misc_feat_diagonals
D:7:      layout_basic, serial_shops, shop, basic_altar, enter_ossuary_3,
          grunt_ogre_cave, minmay_misc_feat_tiny, uniq_menkaure
D:8:      layout_basic, vehumet_crystals, erik_lair_island, minmay_statues_item,
          minmay_ruffians
D:9:      minmay_cornered_nines, layout_loops_corners, dancing_weapons_uskayaw,
          david_orc_3, gammafunk_ghost_arena, chequers_guarded_unrand_ignorance

Skill      XL: |  1  2  3  4  5  6  7  8  9 10 |
---------------+-------------------------------+-----
Fighting       | 4 5 6 7 9 10 | 10.3
Invocations    | 2 |  2.3
Armour         | 3 4 5 7 8 |  8.4
Axes           | 3 4 5 6 7 9 10 | 10.7
Dodging        | 2 3 4 5 6 |  6.3
Stealth        | 1 |  1.7
Evocations     | 1 2 4 |  4.9
Throwing       | 2 3 5 |  5.2

Action                   |  1- 3 |  4- 6 |  7- 9 | 10-12 || total
-------------------------+-------+-------+-------+-------++-------
Melee: Hand axe          |    83 |    85 |   301 |   243 ||   712
       Headbutt          |     6 |    16 |    66 |    55 ||   143
Throw: Boomerang         |       |       |     6 |     8 ||    14
Invok: Depart the Abyss  |     1 |       |       |       ||     1
Evoke: Wand              |       |       |     1 |     6 ||     7
  Use: Potion            |       |     3 |     7 |    15 ||    25
       Scroll            |       |       |    15 |     5 ||    20
  Eat: Chunk             |     2 |     1 |     6 |       ||     9
       Ration            |       |     1 |     3 |     2 ||     6
Armor: Leather armour    |     8 |       |       |       ||     8
       Scale mail        |    25 |    27 |     7 |       ||    59
       Chain mail        |       |       |    50 |       ||    50
       Plate armour      |       |       |   105 |   199 ||   304
Dodge: Dodged            |    41 |    51 |   161 |   234 ||   487

Table legend:
 A = Non-vault XP
 B = Vault XP
 C = Vault XP percentage of total XP
 D = Non-vault monster count
 E = Vault monster count
 F = Vault count percentage of total count
                 A         B        C        D         E       F
            +---------+---------+-------+---------+---------+-------
      Total |    7394 |    3681 |  33.2 |     187 |      46 |  19.7
            +---------+---------+-------+---------+---------+-------
        D:1 |      22 |       4 |  15.4 |      15 |       2 |  11.8
        D:2 |      78 |       0 |   0.0 |      30 |       0 |   0.0
        D:3 |      51 |       0 |   0.0 |       6 |       0 |   0.0
        D:4 |     609 |       0 |   0.0 |      28 |       0 |   0.0
        D:5 |     469 |       0 |   0.0 |      17 |       0 |   0.0
        D:6 |     434 |       0 |   0.0 |      14 |       0 |   0.0
        D:7 |    1629 |     289 |  15.1 |      31 |       4 |  11.4
        D:8 |    2345 |    2003 |  46.1 |      17 |      15 |  46.9
        D:9 |    1757 |    1229 |  41.2 |      29 |       9 |  23.7
    Ossuary |       0 |     156 | 100.0 |       0 |      16 | 100.0
            +---------+---------+-------+---------+---------+-------
